 Dungeon Crawl Stone Soup version 0.30-a0-170-g85af917532 (webtiles) character file.

Game seed: 17493707003609983703

1310 freelancePsychic the Trooper (level 8, -3/71 (80) HPs)
             Began as a Green Draconian Chaos Knight on Sept 30, 2022.
             Was a Plaything of Xom.
             Slain by a wight
             ... wielding a +5 halberd
              (11 damage)
             ... on level 6 of the Dungeon.
             The game lasted 00:14:41 (6560 turns).

freelancePsychic the Trooper (DrCK)                 Turns: 6560, Time: 00:14:42

HP:   -3/71 (80)    AC:  6    Str: 15    XL:     8   Next: 32%
MP:   8/8           EV: 13    Int: 11    God:    Xom [*.....]
Gold: 300           SH:  0    Dex: 12    Spells: 7/7 levels left

rFire   . . .      SeeInvis .    b - +2 dagger (holy)
rCold   . . .      Faith    .    (no shield)
rNeg    . . .      Spirit   .    (body armour unavailable)
rPois   +          Reflect  .    (helmet restricted)
rElec   .          Harm     .    (no cloak)
rCorr   .          Rampage  .    (no gloves)
Will    .....                    (no boots)
Stlth   +++.......               (no amulet)
HPRegen 0.21/turn                (no ring)
MPRegen 0.11/turn                (no ring)

@: heavily drained
A: breathe noxious fumes, AC +6, unfitting armour, poison resistance,
cold-blooded, camouflage 1, dopey 1, robust 1, screaming 1
a: Breathe Noxious Fumes, Renounce Religion


You were on level 6 of the Dungeon.
You worshipped Xom.
You were a special plaything of Xom.
You visited 1 branch of the dungeon, and saw 6 of its levels.
You also visited: Sewer and Ossuary.

You collected 300 gold pieces.

Inventory:

Hand Weapons
 a - a +2 dagger of speed
 b - a +2 dagger of holy wrath (weapon)
 f - a +0 falchion of holy wrath
 n - a +3 short sword
Missiles
 k - a curare-tipped dart
 y - 5 boomerangs
Jewellery
 g - a ring of ice
Wands
 p - a wand of acid (7)
Scrolls
 l - 3 scrolls of noise
 o - 2 scrolls of blinking
 r - a scroll of brand weapon
 A - 2 scrolls of magic mapping
 B - 2 scrolls of enchant armour
Potions
 c - 2 potions of magic
 d - a potion of brilliance {unknown}
 e - 3 potions of attraction
 h - 2 potions of heal wounds {@q2}
 i - a potion of degeneration {unknown}
 j - a potion of lignification {unknown}
 m - a potion of mutation
 q - a potion of might {unknown}
 t - 2 potions of cancellation {unknown}
 u - 4 potions of invisibility {unknown}
 v - a potion of curing {unknown}
 w - 4 potions of haste {unknown}
 z - a potion of berserk rage {unknown}
Miscellaneous
 x - a piece from Xom's chessboard (15/15)


   Skills:
 + Level 7.1 Fighting
 + Level 3.3(4.9) Short Blades
 - Level 5.5(6.0) Long Blades
 - Level 4.3 Dodging
 + Level 3.7 Stealth


You had 7 spell levels left.
You didn't know any spells.
Your spell library was empty.

Dungeon Overview and Level Annotations

Branches:
Dungeon (6/15)              Sewer (visited)         Ossuary (visited)
 Temple: D:4-7

Altars:
Qazlal
Wu Jian
Xom

Annotations:
D:4 Dowan, Duvessa
D:5 3 runed translucent doors


Innate Abilities, Weirdness & Mutations

You can breathe blasts of noxious fumes.
Your lurid green scales are hard. (AC +6)
You cannot fit into any form of body armour.
Your system is resistant to poisons. (rPois)
You are cold-blooded and may be slowed by cold attacks.
Your skin changes colour to match your surroundings (Stealth+).
You are dopey. (Int -2)
You are robust. (+10% HP)
You occasionally shout uncontrollably at your foes.


Message History

The wight is almost destroyed.
The wight closely misses you. The gnoll sergeant closely misses you.
You closely miss the wight.
The wight is almost destroyed.
The wight hits you with a +5 halberd.
You feel drained. The gnoll sergeant misses you.
You hit the wight but do no damage.
The wight is almost destroyed.
The wight closely misses you. The gnoll sergeant closely misses you.
You barely miss the wight.
You tail-slap the wight, but do no damage.
The wight is almost destroyed.
You barely miss the wight.
The wight is almost destroyed.
The gnoll sergeant hits you from afar with a +0 spear.
You hit the wight but do no damage.
The wight is almost destroyed.
The gnoll closely misses you. The wight hits you with a +5 halberd!
The gnoll sergeant closely misses you.
You are too injured to fight recklessly!
You are too injured to fight recklessly!
You are too injured to fight recklessly!
You are too injured to fight recklessly!
You are too injured to fight recklessly!
You are too injured to fight recklessly!
You are too injured to fight recklessly!
You are too injured to fight recklessly!
You are too injured to fight recklessly!
You are too injured to fight recklessly!
You are too injured to fight recklessly!
The wight attacks as you move away! The wight hits you with a +5 halberd!
You feel drained.
The wight hits you from afar with a +5 halberd!
* * * LOW HITPOINT WARNING * * *
There is a stone staircase leading up here.
The gnoll hits you with a +0 flail!
* * * LOW HITPOINT WARNING * * *
The wight hits you from afar with a +5 halberd!
You die...
Xom titters!

#....##.....#*..#..#.##*** *,***
#.._#####)#####........,,* *,,,,
..._.......)z...#*,#...,,* *****
.._.....#.g####)##z....,,* *
...........#.......#,,..,* *
#...########.##)##z#....,* *
#...# #,##gz.....#*** * #...#
*,#..g#.##.# ***** #...#
*,#.#@#,##,#**** *,,,, #...#
*,#.#.#...,,,,,* *,***
#...#######*,........,,,,,***,*
#.).#.....####.#....≈*,*~,,,*,***
...#.......###....≈≈≈*,*~~~,,,,,*
#..#..###........≈≈≈≈*,*~~~~,,*,*
#.......#.......≈≈≈≈≈#,*~~~~~,*,*
................≈≈≈≈≈#,*~~~~~,,,*
#.##..#.#......≈≈####*,*****~~,,*


You could see a gnoll sergeant, 2 wights and a gnoll.

Vanquished Creatures
  2 centaurs
  A phantom (D:5)
  An elf zombie (Ossuary)
  A kobold brigand (Sewer)
  3 scorpions
  2 wights (D:5)
  A centaur zombie (Ossuary)
  2 hounds
  2 human zombies (Ossuary)
  A gnoll bouda (D:6)
  An iguana (D:4)
  An orc wizard (D:6)
  Natasha (thrice) (D:4)
  3 mummies
  10 adders
  8 gnolls (D:6)
  A shadow imp (D:6)
  An ufetubus (D:5)
  An adder zombie (Ossuary)
  4 worms
  8 orcs
  3 ball pythons
  8 endoplasms
  3 giant cockroaches
  3 goblins (D:1)
  4 hobgoblins
  7 jackals
  2 quokkas
  6 bats (D:1)
  3 frilled lizards
  2 goblin zombies (Ossuary)
  12 hobgoblin zombies (Ossuary)
  A jackal zombie (Ossuary)
  14 kobolds
  7 kobold zombies (Ossuary)
  10 orc zombies (Ossuary)
  8 rats
  A spectral hobgoblin (D:1)
151 creatures vanquished.

Vanquished Creatures (others)
  A fungus (D:5)
  3 plants (D:5)
4 creatures vanquished.

Grand Total: 155 creatures vanquished

Notes
Turn   | Place    | Note
-------+----------+-------------------------------------------
     0 | D:1      | freelancePsychic the Draconian Chaos Knight began the quest
                  | for the Orb.
     0 | D:1      | Reached XP level 1. HP: 19/19 MP: 1/1
   325 | D:1      | Reached XP level 2. HP: 26/26 MP: 2/2
   450 | D:1      | XOM: potion effect (invisibility)
   527 | D:1      | Found a faded altar of an unknown god.
   537 | D:1      | Prayed at the altar of an unknown god.
   576 | D:1      | XOM: silly message
   624 | D:1      | XOM: enchant monster (bad)
   748 | D:1      | Reached XP level 3. HP: 31/31 MP: 3/3
  1043 | D:2      | XOM: cast spell 'Alistair's Intoxication'
  1079 | D:2      | XOM: cast spell 'Cause Fear'
  1258 | D:2      | XOM: 4-stop teleportation journey
  1288 | D:2      | XOM: noise
  1576 | D:2      | Reached skill level 4 in Fighting
  1627 | D:2      | Reached XP level 4. HP: 40/40 MP: 4/4
  1640 | D:2      | XOM is BORED!
  2032 | D:2      | XOM: scenery: 3 doors open, 1 doors close
  2197 | D:3      | Found a stormy altar of Qazlal.
  2588 | D:3      | XOM is BORED!
  2588 | D:3      | XOM: noise
  2790 | D:3      | Noticed a scorpion
  2791 | D:3      | XOM: 1-stop teleportation journey
  3048 | D:3      | XOM: noise
  3093 | D:3      | Killed a scorpion
  3094 | D:3      | Reached XP level 5. HP: 43/47 MP: 5/5
  3264 | D:4      | XOM: silly message
  3454 | D:4      | Noticed Duvessa
  3504 | D:4      | Found a glowing drain.
  3567 | Sewer    | Entered a sewer
  3715 | Sewer    | Reached skill level 5 in Fighting
  3715 | Sewer    | Reached XP level 6. HP: 38/56 MP: 6/6
  3849 | Sewer    | XOM: silly message
  4121 | Sewer    | XOM: noise
  4308 | D:4      | Noticed Natasha
  4319 | D:4      | XOM: enchant monster (good)
  4321 | D:4      | Killed Natasha
  4322 | D:4      | Reached skill level 5 in Long Blades
  4381 | D:4      | XOM: noise
  4393 | D:4      | Noticed Natasha
  4415 | D:4      | XOM: noise
  4418 | D:4      | Killed Natasha
  4492 | D:4      | Noticed Natasha
  4519 | D:4      | Killed Natasha
  4558 | D:4      | Noticed Dowan
  4571 | D:4      | XOM: silly message
  4572 | D:5      | Entered Level 5 of the Dungeon
  4590 | D:5      | Your scales start taking on a lurid green colour.
  4590 | D:5      | Reached XP level 7. HP: 53/61 MP: 7/7
  4590 | D:5      | Gained mutation: Your system is resistant to poisons.
                  | (rPois) [Green Draconian growth]
  4647 | D:5      | Found an ornate altar of the Wu Jian Council.
  4717 | D:5      | XOM: give mutation
  4717 | D:5      | Gained mutation: You passively dampen the noise of your
                  | surroundings. [Xom's grace]
  4721 | D:5      | Reached skill level 1 in Stealth
  4778 | D:5      | Found a runed translucent gate.
  4779 | D:5      | Found a runed translucent gate.
  4781 | D:5      | Found a runed translucent gate.
  4783 | D:5      | XOM: 2-stop teleportation journey
  4801 | D:5      | Reached skill level 6 in Fighting
  5156 | D:4      | XOM: god gift: chain mail {god gift}
  5233 | D:6      | XOM: enchant monster (bad)
  5242 | D:6      | XOM: confusion
  5244 | D:6      | Reached skill level 1 in Short Blades
  5264 | D:6      | XOM: confuse monster(s)
  5387 | D:6      | XOM: summons 4 friendly demons
  5437 | D:6      | Identified the +7 short sword "Dumouna" {flame, +Blink
                  | rCorr Int+2 Dex-5}
  5479 | D:6      | XOM: scenery: create altars
  5496 | D:6      | Found a sand-covered staircase.
  5517 | Ossuary  | Entered an ossuary
  5591 | Ossuary  | XOM: 2-stop teleportation journey
  5681 | Ossuary  | XOM: enchant monster (bad)
  5687 | Ossuary  | XOM: confusion
  5693 | Ossuary  | Lost mutation: You passively dampen the noise of your
                  | surroundings. [potion of mutation]
  5693 | Ossuary  | Gained mutation: You occasionally shout uncontrollably at
                  | your foes. [potion of mutation]
  5693 | Ossuary  | Gained mutation: Your skin changes colour to match your
                  | surroundings (Stealth+). [potion of mutation]
  5693 | Ossuary  | Gained mutation: You are covered in fur. (AC +1) [potion of
                  | mutation]
  5694 | Ossuary  | XOM: stat loss: -1 Int (12/13)
  5713 | Ossuary  | Reached XP level 8. HP: 43/71 MP: 8/8
  5796 | Ossuary  | XOM: give mutations
  5796 | Ossuary  | Lost mutation: You are covered in fur. (AC +1) [Xom's
                  | mischief]
  5796 | Ossuary  | Gained mutation: You are dopey. (Int -2) [Xom's mischief]
  5796 | Ossuary  | Gained mutation: You are robust. (+10% HP) [Xom's mischief]
  5933 | Ossuary  | XOM: stat loss: -1 Int (9/11)
  5979 | Ossuary  | XOM: confuse monster(s)
  6180 | D:6      | XOM: swap monsters
  6198 | D:5      | Reached skill level 7 in Fighting
  6378 | D:5      | XOM: silly message
  6560 | D:6      | Slain by a wight

Illustrated notes

Levels and vault maps discovered:
D:1:      evilmike_arrival_plus, layout_basic,
          dreamdust_ecumenical_altar_drowned_temple
D:2:      layout_basic
D:3:      layout_basic, mainiacjoe_overflow_tiny_flanked, grunt_ministairs_14
D:4:      layout_basic, gup_sewer_entry_glass, uniq_duvessa, uniq_natasha
D:5:      layout_loops_cross, mainiacjoe_overflow_surrounded_room,
          gammafunk_ghost_nasty_kobolds, minmay_misc_feat_pillars
D:6:      layout_loops_cross, gup_ossuary_entry_pyramid, grunt_decor_junction

Skill      XL: |  1  2  3  4  5  6  7  8 |
---------------+-------------------------+-----
Fighting       | 4 5 6 7 |  7.1
Long Blades    | 4 5 |  5.5
Dodging        | 3 4 |  4.3
Stealth        | 2 3 |  3.7
Short Blades   | 2 3 |  3.3

Action                   |  1- 3 |  4- 6 |  7- 9 || total
-------------------------+-------+-------+-------++-------
Melee: Falchion          |    43 |       |       ||    43
       Tailslap          |    12 |    53 |    58 ||   123
       Punch             |     1 |     5 |     6 ||    12
       Dagger            |    59 |   380 |   323 ||   762
 Abil: Breathe Noxious F |       |       |    10 ||    10
Evoke: Piece from Xom's  |     1 |       |       ||     1
       Wand              |       |     1 |       ||     1
  Use: Scroll            |       |    10 |     4 ||    14
       Potion            |       |     1 |     3 ||     4
 Stab: Sleeping          |       |     1 |     1 ||     2
       Petrified         |       |     1 |       ||     1
       Confused          |       |       |     8 ||     8
Armor: Skin              |    37 |    58 |    59 ||   154
Dodge: Dodged            |    62 |   144 |   146 ||   352

Table legend: (Time is in decaauts)
 A = Elapsed time spent in this place.
 B = Non-inter-level travel time spent in this place.
 C = Inter-level travel time spent in this place.
 D = Time resting spent in this place.
 E = Time spent auto-exploring this place.
 F = Levels seen in this place.
 G = Mean time per level.
                   A        B        C        D        E       F      G
               +--------+--------+--------+--------+--------+-----+--------+
         Total |   6346 |   6150 |    196 |    458 |   4469 |   8 |  793.2 |
       Dungeon |   5103 |   4907 |    196 |    458 |   3522 |   6 |  850.5 |
         Sewer |    682 |    682 |      0 |      0 |    526 |   1 |  682.0 |
       Ossuary |    560 |    560 |      0 |      0 |    421 |   1 |  560.0 |
               +--------+--------+--------+--------+--------+-----+--------+

Top non-repeatable levels by time:
     D:2: 1094 daAuts
     D:3: 1029 daAuts
     D:1: 1027 daAuts
     D:5: 922 daAuts
   Sewer: 682 daAuts
     D:4: 677 daAuts
 Ossuary: 560 daAuts
     D:6: 352 daAuts
